 Dungeon Crawl Stone Soup version 0.29-a0-322-g68df515428 (webtiles) character file.

Game seed: 12156255960986608444

57 flyleaff the Ducker (level 3, 0/17 HPs)
             Began as a Felid Monk on Apr 7, 2022.
             Was a Priest of the Shining One.
             Succumbed to an adder's poison
             ... on level 2 of the Dungeon.
             The game lasted 00:04:43 (1696 turns).

flyleaff the Ducker (Felid Monk)                    Turns: 1696, Time: 00:04:44

Health: 0/17       AC:  1    Str:  7    XL:     3   Next: 73%
Magic:  4/4        EV: 19    Int: 11    God:    the Shining One [***...]
Gold:   87         SH:  0    Dex: 20    Spells: 2/2 levels left
                                        Lives:  0   Deaths: 0

rFire   . . .      SeeInvis +     - Unarmed
rCold   . . .      Faith    .   (shield unavailable)
rNeg    + . .      Spirit   .   (body armour unavailable)
rPois   .          Reflect  .   (helmet unavailable)
rElec   .          Harm     .   (cloak unavailable)
rCorr   +          Rampage  .   (gloves unavailable)
Will    .....                   (boots unavailable)
Stlth   +.........              (no amulet)
HPRegen 0.05/turn               k - ring of resist corrosion
MPRegen 0.09/turn               (no ring)

@: lethally poisoned (0 -> -4), glowing, quick
A: very small, claws 1, fangs 3, see invisible, speed 1, shaggy fur 1, stealthy
paws, no weapons or thrown items, no armour, multi-lived
a: Renounce Religion, Divine Shield, Cleansing Flame


You were on level 2 of the Dungeon.
You worshipped the Shining One.
The Shining One was most pleased with you.
You visited 1 branch of the dungeon, and saw 2 of its levels.

You collected 87 gold pieces.

Inventory:

Jewellery
 k - a ring of resist corrosion (left paw)
Scrolls
 a - 3 scrolls of identify
 c - a scroll of teleportation {unknown}
 f - a scroll of fog {unknown}
Potions
 b - 2 potions of heal wounds
 d - a potion of magic {unknown}
 e - 2 potions of brilliance {unknown}
 g - a potion of degeneration {unknown}
 h - a potion of mutation {unknown}
 i - a potion of attraction {unknown}
 j - 4 potions of curing {unknown}
 l - a potion of berserk rage {unknown}


   Skills:
 + Level 3.3 Fighting
 + Level 4.4 Dodging
 - Level 2.6 Stealth
 * Level 4.2 Unarmed Combat


You had 2 spell levels left.
You didn't know any spells.
Your spell library was empty.

Dungeon Overview and Level Annotations

Branches:
Dungeon (2/15)

Altars:
The Shining One


Innate Abilities, Weirdness & Mutations

You have sharp claws.
You have razor-sharp teeth.
You have supernaturally acute eyesight. (SInv)
You cover ground quickly. (Speed+)
You are covered in fur. (AC +1)
Your paws help you pounce on unaware monsters.
You are incapable of wielding weapons or throwing items.
You cannot wear armour.
You gain extra lives every three experience levels.


Message History

You kill the rat!
No target in view!
No target in view!
l - a smoky yellow potion You open the door.
There is an open door here.
An adder comes into view.
The adder hisses angrily.
The adder barely misses you. The adder misses you. The adder bites you.
The adder misses you. The adder bites you. The adder closely misses you.
The adder bites you. The adder bites you but does no damage.
The adder completely misses you. The adder closely misses you.
The adder closely misses you. The adder bites you. The adder misses you.
The adder completely misses you. The adder bites you. The adder bites you.
The adder closely misses you. The adder completely misses you.
The adder misses you. The adder barely misses you.
The adder closely misses you. x2
The adder misses you. The adder closely misses you. The adder misses you.
The adder completely misses you. The adder bites you. The adder misses you.
The adder completely misses you. The adder closely misses you.
The adder bites you.
* * * LOW HITPOINT WARNING * * *
You are lethally poisoned!
The adder poisons you!
* * * LOW HITPOINT WARNING * * *
You feel sick. The adder closely misses you.
* * * LOW HITPOINT WARNING * * *
You feel sick. The adder closely misses you.
You die...

#.# #.
#.# #.
#.# #.
#.# #.
#.# #.
#.# #.
#.#
#S#####.#
#.@.....#
#######.#
###


You could see an adder.

Vanquished Creatures
  2 adders (D:2)
  A worm (D:2)
  3 endoplasms
  3 giant cockroaches
  6 goblins
  A hobgoblin (D:2)
  3 jackals (D:1)
  2 kobolds (D:1)
  2 quokkas
  2 ball pythons
  3 bats
  2 frilled lizards
  2 rats
32 creatures vanquished.

Notes
Turn   | Place    | Note
-------+----------+-------------------------------------------
     0 | D:1      | flyleaff the Felid Monk began the quest for the Orb.
     0 | D:1      | Reached XP level 1. HP: 10/10 MP: 2/2
   371 | D:1      | Found a faded altar of an unknown god.
   383 | D:1      | Prayed at the altar of an unknown god.
   383 | D:1      | Became a worshipper of the Shining One
   383 | D:1      | Reached * piety under the Shining One
   383 | D:1      | Reached ** piety under the Shining One
   392 | D:1      | Reached XP level 2. HP: 10/14 MP: 3/3
  1203 | D:2      | Reached *** piety under the Shining One
  1222 | D:2      | Reached XP level 3. HP: 11/17 MP: 4/4
  1696 | D:2      | Succumbed to an adder's poison

Illustrated notes

Levels and vault maps discovered:
D:1:      dpeg_arrival_stonehenge_8_columns, layout_basic,
          hellmonk_ecumenical_altar_blasted
D:2:      layout_basic, serial_shops, nicolae_shop_trees, uniq_robin

Skill      XL: |  1  2 |
---------------+-------+-----
Unarmed Combat | 4 |  4.2
Fighting       | |  3.3
Dodging        | |  4.4
Stealth        | |  2.6

Action                   || total
-------------------------++-------
Melee: Unarmed           ||    86
       Punch             ||     2
       Bite              ||     5
  Use: Potion            ||     1
       Scroll            ||     1
 Stab: Sleeping          ||     1
Armor: Skin              ||     1
Dodge: Dodged            ||   105

Table legend: (Time is in decaauts)
 A = Elapsed time spent in this place.
 B = Non-inter-level travel time spent in this place.
 C = Inter-level travel time spent in this place.
 D = Time resting spent in this place.
 E = Time spent auto-exploring this place.
 F = Levels seen in this place.
 G = Mean time per level.
                   A        B        C        D        E       F      G
               +--------+--------+--------+--------+--------+-----+--------+
         Total |   1507 |   1486 |     21 |      0 |   1246 |   2 |  753.5 |
       Dungeon |   1507 |   1486 |     21 |      0 |   1246 |   2 |  753.5 |
               +--------+--------+--------+--------+--------+-----+--------+

Top non-repeatable levels by time:
     D:1: 1056 daAuts
     D:2: 450 daAuts
